 Dungeon Crawl Stone Soup version 0.29-a0-418-gc0181ea820 (webtiles) character file.

Game seed: 14138687128251288733

6668 bande the Cleaver (level 11, 0/95 HPs)
             Began as a Hill Orc Fighter on May 17, 2022.
             Was a Believer of Okawaru.
             Slain by a shadow (18 damage)
             ... on level 9 of the Dungeon.
             The game lasted 00:13:07 (7810 turns).

bande the Cleaver (Hill Orc Fighter)                Turns: 7810, Time: 00:13:08

Health: 0/95       AC: 17    Str: 22    XL:     11   Next: 3%
Magic:  4/4        EV: 12    Int: 14    God:    Okawaru [**....]
Gold:   335        SH:  8    Dex: 19    Spells: 10/10 levels left

rFire   . . .      SeeInvis .   a - +1 war axe
rCold   . . .      Faith    .   j - +2 buckler
rNeg    . . .      Spirit   .   F - +0 plate armour
rPois   .          Reflect  .   z - +1 helmet
rElec   .          Harm     .   (no cloak)
rCorr   .          Rampage  .   f - +0 pair of gloves of the Vestibule of Hell {Regen+ MP-9 Dex+7}
Will    .....                   (no boots)
Stlth   ..........              (no amulet)
HPRegen 1.05/turn               e - +4 ring of evasion
MPRegen 0.09/turn               m - +6 ring of intelligence

@: no status effects
A: no striking features
a: Renounce Religion, Heroism


You were on level 9 of the Dungeon.
You worshipped Okawaru.
Okawaru was pleased with you.
You visited 2 branches of the dungeon, and saw 10 of its levels.

You collected 537 gold pieces.
You spent 202 gold pieces at shops.

Inventory:

Hand Weapons
 a - a +1 war axe (weapon)
 i - a +0 shortbow
 o - a +2 flail of holy wrath
 w - a +1 hunting sling of freezing
Missiles
 E - 2 throwing nets (quivered)
Armour
 f - the +0 pair of gloves of the Vestibule of Hell (worn) {Regen+ MP-9 Dex+7}
   (You acquired it on level 4 of the Dungeon)

   Dex:       It affects your dexterity (+7).
   MP:        It affects your magic capacity (-9).
   Regen:     It increases your rate of health regeneration.
 j - a +2 buckler (worn)
 v - a +2 pair of gloves
 z - a +1 helmet (worn)
 F - a +0 plate armour (worn)
Jewellery
 b - an amulet of reflection
 e - a +4 ring of evasion (left hand)
 m - a +6 ring of intelligence (right hand)
 q - a ring of positive energy
 y - a ring of resist corrosion
Wands
 c - a wand of polymorph (5)
Scrolls
 k - a scroll of enchant weapon
 l - a scroll of amnesia
 p - 3 scrolls of teleportation
 t - 5 scrolls of identify
 B - a scroll of fear
 D - a scroll of fog
Potions
 d - 3 potions of might
 g - 3 potions of haste
 h - 2 potions of lignification {unknown}
 n - 5 potions of curing
 r - a potion of flight {unknown}
 s - a potion of magic {unknown}
 u - a potion of attraction {unknown}
 x - 2 potions of heal wounds {unknown}
 A - a potion of resistance
 C - a potion of ambrosia {unknown}


   Skills:
 + Level 8.9 Fighting
 + Level 13.8 Axes
 + Level 8.7 Armour
 - Level 2.7 Dodging
 - Level 0.4 Stealth
 + Level 6.6 Shields
 * Level 3.8 Invocations
 * Level 2.8 Evocations


You had 10 spell levels left.
You didn't know any spells.
Your spell library contained the following spells:

 Spells                   Type           Power      Damage    Failure   Level
 Sting                    Tmut/Pois      0%         1d3       99%         1
 Poisonous Vapours        Pois/Air       0%         N/A       100%        2
 Conjure Flame            Conj/Fire      0%         6-21      100%        3
 Gell's Gravitas          Tloc           0%         N/A       100%        3
 Ignite Poison            Fire/Tmut/Pois 0%         N/A       100%        3
 Portal Projectile        Hex/Tloc       0%         N/A       100%        3
 Teleport Other           Tloc           0%         N/A       100%        3
 Leda's Liquefaction      Hex/Erth       0%         N/A       100%        4
 Olgreb's Toxic Radiance  Pois           0%         N/A       100%        4
 Sticky Flame             Conj/Fire      0%         2d3       100%        4
 Dispersal                Tloc           0%         N/A       100%        6
 Call Canine Familiar     Summ           Unusable   N/A       N/A         3

Dungeon Overview and Level Annotations

Branches:
Dungeon (9/15)             Temple (1/1) D:6
   Lair: D:8-11         Orc: D:9-12

Altars:
Ashenzari
Cheibriados
Dithmenos
Elyvilon
Gozag
Hepliaklqana
Kikubaaqudgha
Makhleb
Nemelex Xobeh
Okawaru
Qazlal
Ru
Sif Muna
Trog
Uskayaw
Vehumet
Wu Jian
Xom
Yredelemnul
Zin
The Shining One
Beogh

Shops:
D:2 :   D:5 [   D:6 *

Annotations:
D:8 exclusion: statue


Message History

The kobold brigand is moderately wounded.
You hit the shadow. You hit the orc but do no damage.
Unknown command.
You slash the kobold brigand!
The kobold brigand is severely wounded.
You hit the orc. You hit the shadow but do no damage.
You block the orc's attack. The shadow hits you.
The kobold brigand hits you but does no damage.
Unknown command.
You hit the kobold brigand.
The kobold brigand is severely wounded.
You hit the shadow but do no damage. You slash the orc!
You kill the orc!
The shadow closely misses you. The kobold brigand closely misses you.
You closely miss the kobold brigand.
The kobold brigand is severely wounded.
You hit the shadow but do no damage. You hit the kobold.
You kill the kobold!
The shadow hits you.
* * * LOW HITPOINT WARNING * * *
The kobold throws a stone.
You block the stone. The kobold brigand barely misses you.
You closely miss the kobold brigand.
The kobold brigand is severely wounded.
You slash the shadow! The shadow barely misses you.
The kobold brigand closely misses you.
Unknown command.
You slash the kobold brigand!
You kill the kobold brigand!
Okawaru accepts your kill.
You hit the shadow but do no damage. You block the shadow's attack.
The kobold throws a stone.
The stone barely misses you.
The shadow slips into darkness.
The shadow flickers and vanishes!
Deactivating autopickup; reactivate with Ctrl-A.
Things that are here:
a +0 club; a curare-tipped dart; a kobold corpse You hit something but do no damage.
You barely miss the kobold.
The shadow strikes at you from the darkness!
You die...

...##.............
#####..(..........
#............#
#............#
#.....########
#.....##.....#
#.....##..††!#
#...........)##.#..P
#..........{@K......
#####.######'##.....
### ..# .... ...#
... #...# P. #...# .
#...# #...#


You could see a kobold.

Vanquished Creatures
  A two-headed ogre (D:8)
  Pikel (D:5)
  A manticore (D:9)
  Maggie (D:6)
  A wyvern (D:5)
  A shadow (D:9)
  3 yaks (D:9)
  A steam dragon (D:9)
  3 wargs (D:9)
  A water moccasin (D:7)
  2 ice beasts (D:6)
  A black bear (D:7)
  3 ogres
  3 orc warriors (D:8)
  4 centaurs
  A lemure (D:5)
  A phantom (D:6)
  3 kobold brigands (D:9)
  5 bullfrogs
  A gnoll sergeant (D:7)
  5 scorpions
  A necrophage (D:7)
  12 killer bees (D:9)
  7 howler monkeys
  4 orc priests
  A hound (D:5)
  A jelly (D:4)
  2 gnoll shamans
  5 iguanas
  6 orc wizards
  2 adders
  17 gnolls
  A shadow imp (D:5)
  2 white imps (D:7)
  2 worms (D:3)
  A dart slug (D:1)
  41 orcs
  3 ball pythons
  4 bats
  5 endoplasms
  3 giant cockroaches (D:1)
  4 goblins
  6 hobgoblins
  2 jackals (D:5)
  A quokka (D:5)
  2 frilled lizards (D:3)
  13 kobolds
  6 rats
197 creatures vanquished.

Vanquished Creatures (others)
  A bush (D:5)
1 creature vanquished.

Grand Total: 198 creatures vanquished

Notes
Turn   | Place    | Note
-------+----------+-------------------------------------------
     0 | D:1      | bande the Hill Orc Fighter began the quest for the Orb.
     0 | D:1      | Reached XP level 1. HP: 19/19 MP: 1/1
   234 | D:1      | Reached XP level 2. HP: 26/27 MP: 2/2
   458 | D:1      | Reached skill level 3 in Axes
   826 | D:2      | Found Exod's Book Shoppe.
   904 | D:2      | You fall into a shaft and drop 2 floors!
   921 | D:3      | Reached XP level 3. HP: 32/33 MP: 3/3
  1256 | D:2      | Found a white marble altar of Elyvilon.
  1421 | D:3      | Found a faded altar of an unknown god.
  1475 | D:3      | Found a bloodstained altar of Trog.
  1563 | D:3      | Found a faded altar of an unknown god.
  1567 | D:3      | Found a hazy altar of Hepliaklqana.
  1950 | D:4      | Noticed a scorpion
  1963 | D:4      | Killed a scorpion
  1964 | D:4      | Reached skill level 4 in Axes
  1964 | D:4      | Reached XP level 4. HP: 15/41 MP: 4/4
  2179 | D:4      | Reached XP level 5. HP: 47/47 MP: 5/5
  2510 | D:4      | Reached skill level 5 in Axes
  2707 | D:4      | Identified a scroll of acquirement
  2707 | D:4      | Acquired the +0 pair of gloves of the Vestibule of Hell
                  | {Regen+ MP-9 Dex+7}
  2793 | D:5      | Entered Level 5 of the Dungeon
  2808 | D:5      | Reached XP level 6. HP: 55/55 MP: 0/6
  2904 | D:5      | Reached skill level 5 in Fighting
  2917 | D:5      | Reached skill level 6 in Axes
  2969 | D:5      | Reached XP level 7. HP: 48/61 MP: 0/7
  3015 | D:5      | Reached skill level 5 in Armour
  3015 | D:5      | Reached skill level 1 in Dodging
  3472 | D:5      | Found Seppoi's Antique Armour Boutique.
  3480 | D:5      | Bought a runed helmet for 202 gold pieces
  3814 | D:5      | Reached skill level 7 in Axes
  3901 | D:6      | Found Asseamus's Neck Hole.
  3977 | D:6      | Reached XP level 8. HP: 70/70 MP: 0/8
  4009 | D:6      | Noticed a wyvern
  4010 | D:6      | Noticed Pikel
  4033 | D:5      | Killed a wyvern
  4034 | D:5      | Reached skill level 8 in Axes
  4296 | D:5      | Killed Pikel
  4297 | D:5      | Reached skill level 9 in Axes
  4377 | D:6      | Reached skill level 5 in Shields
  4393 | D:6      | Noticed Maggie
  4412 | D:6      | Killed Maggie
  4413 | D:6      | Reached skill level 10 in Axes
  4413 | D:6      | Reached XP level 9. HP: 66/78 MP: 0/9
  4500 | D:6      | Found a staircase to the Ecumenical Temple.
  4513 | Temple   | Entered the Ecumenical Temple
  5177 | D:7      | Found an ancient bone altar of Kikubaaqudgha.
  5315 | D:7      | Reached skill level 11 in Axes
  6189 | D:8      | Reached skill level 12 in Axes
  6357 | D:8      | Found a radiant altar of Vehumet.
  6450 | D:8      | Noticed a two-headed ogre
  6458 | D:8      | Killed a two-headed ogre
  6459 | D:8      | Reached XP level 10. HP: 40/88 MP: 1/10
  6657 | D:8      | Found an iron altar of Okawaru.
  6666 | D:8      | Became a worshipper of Warmaster Okawaru
  6934 | D:8      | Reached skill level 1 in Invocations
  6950 | D:8      | Found a roughly hewn altar of Beogh.
  7420 | D:9      | Reached skill level 1 in Evocations
  7428 | D:9      | Reached skill level 13 in Axes
  7462 | D:9      | Noticed a manticore
  7472 | D:9      | Killed a manticore
  7472 | D:9      | Reached * piety under Okawaru
  7771 | D:9      | Reached ** piety under Okawaru
  7794 | D:9      | Reached XP level 11. HP: 36/95 MP: 4/13
  7810 | D:9      | Slain by a shadow

Illustrated notes

Levels and vault maps discovered:
D:1:      erik_arrival_orb_chamber, layout_loops_ring
D:2:      layout_basic, serial_shops, shop, basic_altar, serial_bayou_pond_c
D:3:      layout_basic, bloody_trog, nicolae_overflow_ecumenical_swirl,
          nicolae_ecumenical_oubliette, glass_columns_b, minmay_quantized
D:4:      layout_cave_pools, minmay_misc_feat_four_crosses
D:5:      layout_layer_cave, serial_shops, nicolae_diamond_shop,
          kb_lookout_dungeons_type
D:6:      layout_cave_pools, minmay_temple_entry_wispy, grunt_decor_junction,
          nicolae_shop_sticking_my_neck_out, uniq_maggie, uniq_pikel
D:7:      layout_basic, mainiacjoe_overflow_alcove_4, hangedman_decor_lopped
D:8:      layout_loops_corners, mainiacjoe_overflow_chevrons, vehumet_statue,
          special_room [special_room_orc]
D:9:      layout_stronghold, fedhas_altar_4, erik_lair_orcish_takeover,
          erik_orc_1, minmay_microvault
Temple:   eino_temple_rhombus

Skill      XL: |  1  2  3  4  5  6  7  8  9 10 |
---------------+-------------------------------+-----
Axes           | 3 4 5 6 7 10 12 13 | 13.8
Fighting       | 4 5 6 8 |  8.9
Shields        | 4 5 6 |  6.6
Armour         | 4 5 6 8 |  8.7
Dodging        | 1 2 |  2.7
Invocations    | 3 |  3.8
Evocations     | 2 |  2.8
Stealth        | |  0.4

Action                   |  1- 3 |  4- 6 |  7- 9 | 10-12 || total
-------------------------+-------+-------+-------+-------++-------
Melee: War axe           |   100 |    57 |   261 |   176 ||   594
  Use: Potion            |     1 |       |       |     1 ||     2
       Scroll            |       |     9 |     4 |       ||    13
Armor: Scale mail        |    32 |    18 |    46 |       ||    96
       Chain mail        |       |       |    26 |     7 ||    33
       Plate armour      |       |       |       |    86 ||    86
Dodge: Dodged            |    63 |    40 |   154 |   112 ||   369
Block: Buckler           |    19 |    14 |    74 |   105 ||   212

Table legend: (Time is in decaauts)
 A = Elapsed time spent in this place.
 B = Non-inter-level travel time spent in this place.
 C = Inter-level travel time spent in this place.
 D = Time resting spent in this place.
 E = Time spent auto-exploring this place.
 F = Levels seen in this place.
 G = Mean time per level.
                   A        B        C        D        E       F      G
               +--------+--------+--------+--------+--------+-----+--------+
         Total |   7867 |   7718 |    149 |    691 |   5484 |  10 |  786.7 |
       Dungeon |   7652 |   7548 |    104 |    691 |   5327 |   9 |  850.2 |
        Temple |    214 |    169 |     45 |      0 |    157 |   1 |  214.0 |
               +--------+--------+--------+--------+--------+-----+--------+

Top non-repeatable levels by time:
     D:5: 1444 daAuts
     D:8: 1183 daAuts
     D:7: 980 daAuts
     D:4: 897 daAuts
     D:1: 839 daAuts
     D:6: 747 daAuts
     D:3: 717 daAuts
     D:9: 451 daAuts
     D:2: 391 daAuts
  Temple: 214 daAuts
